 Dungeon Crawl Stone Soup version 0.29-a0-364-g921d912d32 (webtiles) character file.

Game seed: 13260639598623185539

10436 experimilk the Basher (level 11, 0/89 HPs)
             Began as a Palentonga Fighter on Apr 30, 2022.
             Was an Elder of Okawaru.
             Slain by a killer bee (2 damage)
             ... on level 9 of the Dungeon.
             The game lasted 00:39:00 (12740 turns).

experimilk the Basher (Palentonga Fighter)         Turns: 12740, Time: 00:39:01

Health: 0/89       AC: 19    Str: 30    XL:     11   Next: 36%
Magic:  11/11      EV:  5    Int: 12    God:    Okawaru [****..]
Gold:   1581       SH:  4    Dex:  9    Spells: 10/10 levels left

rFire   + . .      SeeInvis +   A - +0 morningstar (flame)
rCold   + . .      Faith    +   c - +0 buckler
rNeg    . . .      Spirit   .   f - +0 plate armour
rPois   +          Reflect  .   (no helmet)
rElec   .          Harm     .   o - +0 cloak
rCorr   .          Rampage  .   L - +0 pair of gloves
Will    ++...                   (no barding)
Stlth   ..........              w - amulet of Wu Jian's Regard {Faith rF+ rC+ Stlth-}
HPRegen 0.24/turn               a - ring "Zoekk" {Will++ Str+6 Int+3}
MPRegen 0.12/turn               v - ring of poison resistance

@: hasted, studying Short Blades, curled up, very quick
A: large, rugged brown scales 3, see invisible, deformed body, roll 1, armoured
tail, reflexive curl
a: Rolling Charge, Renounce Religion, Heroism, Finesse


You were on level 9 of the Dungeon.
You worshipped Okawaru.
Okawaru was greatly pleased with you.
You visited 2 branches of the dungeon, and saw 10 of its levels.

You collected 1581 gold pieces.

Inventory:

Hand Weapons
 x - a +3 vorpal flail
 A - a +0 morningstar of flaming (weapon)
 D - a +2 flail of freezing
 I - a +0 morningstar
Missiles
 m - 27 poisoned darts
 r - 4 boomerangs (quivered)
 t - 5 atropa-tipped darts
Armour
 b - a +0 scale mail
 c - a +0 buckler (worn)
 f - a +0 plate armour (worn)
 i - a +0 ring mail
 o - a +0 cloak (worn)
 L - a +0 pair of gloves (worn)
Jewellery
 a - the ring "Zoekk" (left hand) {Will++ Str+6 Int+3}
   (You acquired it on level 8 of the Dungeon)

   [ring of strength]

   Str:       It affects your strength (+6).
   Int:       It affects your intelligence (+3).
   Will:      It greatly increases your willpower.
 g - an amulet of reflection
 j - a +4 ring of protection
 n - an amulet of magic regeneration
 v - a ring of poison resistance (right hand)
 w - the amulet of Wu Jian's Regard (around neck) {Faith rF+ rC+ Stlth-}
   (You acquired it on level 8 of the Dungeon)

   [amulet of faith]

   It allows you to gain divine favour quickly.
   rF:        It protects you from fire.
   rC:        It protects you from cold.
   Stlth:     It makes you less stealthy.
 y - a +4 ring of evasion
 C - a ring of magical power
 J - a ring of protection from cold
Wands
 k - a wand of flame (2)
 u - a wand of acid (7)
 G - a wand of digging (24)
 K - a wand of paralysis (9)
Scrolls
 d - 2 scrolls of fog
 E - a scroll of immolation {unknown}
 F - a scroll of enchant armour {unknown}
Potions
 z - 2 potions of mutation
 B - 2 potions of magic
 H - a potion of resistance {unknown}


   Skills:
 + Level 7.0 Fighting
 * Level 14.3 Maces & Flails
 * Level 5.1 Throwing
 + Level 4.8 Armour
 + Level 4.6 Shields


You had 10 spell levels left.
You didn't know any spells.
Your spell library contained the following spells:

 Spells                   Type           Power      Damage    Failure   Level
 Foxfire                  Conj/Fire      0%         2x1d4     98%         1
 Magic Dart               Conj           0%         1d3       98%         1
 Shock                    Conj/Air       0%         1d3       98%         1
 Slow                     Hex            0%         N/A       98%         1
 Searing Ray              Conj           0%         2d4       99%         2
 Sublimation of Blood     Necr           0%         N/A       99%         2
 Confusing Touch          Hex            0%         N/A       100%        3
 Conjure Flame            Conj/Fire      0%         6-21      100%        3
 Ignite Poison            Fire/Tmut/Pois 0%         N/A       100%        3
 Inner Flame              Hex/Fire       0%         N/A       100%        3
 Mephitic Cloud           Conj/Pois/Air  0%         N/A       100%        3
 Spider Form              Tmut/Pois      0%         N/A       100%        3
 Swiftness                Air            0%         N/A       100%        3
 Vampiric Draining        Necr           0%         2d6       100%        3
 Airstrike                Air            0%         N/A       100%        4
 Flame Wave               Conj/Fire      0%         2d4       100%        4
 Fulminant Prism          Conj/Hex       0%         3d6       100%        4
 Olgreb's Toxic Radiance  Pois           0%         N/A       100%        4
 Petrify                  Tmut/Erth      0%         N/A       100%        4
 Alistair's Intoxication  Tmut/Pois      0%         N/A       100%        5
 Freezing Cloud           Conj/Ice/Air   0%         6-21      100%        5
 Irradiate                Conj/Tmut      0%         3d13      100%        5
 Yara's Violent Unravell  Hex/Tmut       0%         3d3       100%        5
 Enfeeble                 Hex            0%         N/A       100%        7


Dungeon Overview and Level Annotations

Branches:
Dungeon (9/15)             Temple (1/1) D:5            Lair (0/6) D:9
    Orc: D:9-12

Altars:
Ashenzari
Cheibriados
Dithmenos
Elyvilon
Fedhas
Gozag
Hepliaklqana
Kikubaaqudgha
Makhleb
Nemelex Xobeh
Okawaru
Qazlal
Ru
Sif Muna
Trog
Uskayaw
Vehumet
Wu Jian
Xom
Yredelemnul
Zin
The Shining One
Beogh


Innate Abilities, Weirdness & Mutations

You are completely covered in rugged brown scales. (AC +3, +7% HP)
You have supernaturally acute eyesight. (SInv)
Armour fits poorly on your strangely shaped body.
You can roll at nearby foes to attack.
You have a long armoured tail.
You curl defensively after being hit. (AC +7*)


Message History

The killer bee barely misses you. The killer bee stings you.
* * * LOW HITPOINT WARNING * * *
The killer bee stings you but does no damage.
The killer bee stings you!
* * * LOW HITPOINT WARNING * * *
The killer bee stings you but does no damage.
You miss the killer bee.
The killer bee is severely wounded.
The killer bee stings you.
* * * LOW HITPOINT WARNING * * *
The killer bee stings you but does no damage. x5
Unknown command.
You strike the helpless killer bee from behind!
You puncture the killer bee! You burn the killer bee.
You kill the killer bee!
Okawaru accepts your kill.
The killer bee stings you but does no damage.
The killer bee closely misses you.
Unknown command.
Read: scroll of fear
Press: ? - help, Q - select action, (/) - cycle Dir - look around, f - activate Look: a killer bee (can't see you, chance to affect: 98%)
As you read the scroll of fear, it crumbles to dust.
You assume a fearsome visage.
The killer bee looks frightened! x3
Your magic is already full.
You feel yourself speed up.
There is an open door here.
As you close the door, it creaks loudly!
You flicker for a moment.
You flicker back into view.
The killer bee buzzes angrily.
The killer bee seems to regain its courage.
The killer bee stings you but does no damage.
The killer bee stings you.
* * * LOW HITPOINT WARNING * * *
The killer bee closely misses you.
The killer bee stings you but does no damage.
The killer bee stings you.
You die...

###.#...# #..#.#.#..≈≈≈≈≈.≈≈≈..≈^
....#.#.# #..#.#.#..≈≈≈≈≈.≈≈≈≈...
###.#...# #....#.#...≈≈.≈.≈≈≈.≈..
..#.#...# ######.#...≈y.≈.≈≈≈....
#.#.#.#.# #.#....≈.≈.≈≈.?≈≈.
#.#.#...# ######.#...$...........
..'.#...# #....#.#..y............
..#.#.#.# #.##.+y#.#..#.#...#....
#.#.#...# #.##.#@#....#.#...#....
..#.#...###..†.###......##..# ...
###.####..............####..#####
#....#.#....#.......# #.......
#....#........y.....# #.......
########..............###########
.................................
...#..#.....##..#..#..#..#..###..
..........................†......


You could see a killer bee.

Vanquished Creatures
  A two-headed ogre (D:8)
  A troll (D:9)
  Sigmund (D:3)
  5 yaks (D:9)
  Eustachio (D:4)
  A vampire (D:9)
  2 wyverns (D:9)
  Edmund (D:5)
  3 water moccasins
  2 sky beasts
  An orc warrior (D:8)
  A black bear (D:8)
  A centaur (D:6)
  2 wolves (D:9)
  3 phantoms
  2 kobold brigands
  2 bullfrogs (D:8)
  5 necrophages
  A scorpion (D:6)
  A gnoll sergeant (D:9)
  19 wights
  10 killer bees
  An electric eel (D:9)
  A howler monkey (D:9)
  11 hounds
  3 orc priests (D:8)
  A jelly (D:5)
  A gnoll shaman (D:3)
  Jessica (D:3)
  Ijyb (D:2)
  3 orc wizards
  Natasha (thrice) (D:3)
  4 iguanas
  12 adders
  12 gnolls
  A shadow imp (D:6)
  A white imp (D:7)
  2 ufetubi
  3 worms
  2 dart slugs
  16 orcs
  9 ball pythons
  7 endoplasms
  5 giant cockroaches
  9 goblins
  10 hobgoblins
  10 jackals
  8 quokkas
  6 bats
  2 frilled lizards
  18 kobolds
  5 rats
234 creatures vanquished.

Notes
Turn   | Place    | Note
-------+----------+-------------------------------------------
     0 | D:1      | experimilk the Palentonga Fighter began the quest for the
                  | Orb.
     0 | D:1      | Reached XP level 1. HP: 19/19 MP: 1/1
    23 | D:1      | Reached XP level 2. HP: 17/25 MP: 2/2
    64 | D:1      | Reached skill level 3 in Maces & Flails
   272 | D:1      | Found a faded altar of an unknown god.
   296 | D:1      | Got the Incunabulum of Envenoming
   486 | D:1      | Reached XP level 3. HP: 25/31 MP: 3/3
  1258 | D:2      | Reached skill level 4 in Maces & Flails
  1701 | D:2      | Reached XP level 4. HP: 37/37 MP: 4/4
  2614 | D:3      | Noticed Ijyb
  2630 | D:2      | Killed Ijyb
  2631 | D:2      | Reached skill level 5 in Maces & Flails
  3010 | D:3      | Reached XP level 5. HP: 43/43 MP: 5/5
  3286 | D:3      | Noticed Natasha
  3292 | D:3      | Killed Natasha
  3301 | D:3      | Noticed Natasha
  3317 | D:3      | Killed Natasha
  3493 | D:3      | Noticed Natasha
  3505 | D:3      | Killed Natasha
  3506 | D:3      | Reached skill level 6 in Maces & Flails
  3754 | D:3      | Reached XP level 6. HP: 33/50 MP: 6/6
  4150 | D:3      | Noticed Jessica
  4154 | D:3      | Killed Jessica
  4302 | D:3      | Noticed Sigmund
  4325 | D:3      | Killed Sigmund
  4326 | D:3      | Reached skill level 7 in Maces & Flails
  4890 | D:4      | Gained mutation: You curl defensively after being hit. (AC
                  | +7*) [Palentonga growth]
  4890 | D:4      | Reached XP level 7. HP: 55/55 MP: 7/7
  4961 | D:4      | Reached skill level 8 in Maces & Flails
  5018 | D:4      | Noticed Eustachio
  5079 | D:4      | Killed Eustachio
  5853 | D:5      | Entered Level 5 of the Dungeon
  5853 | D:5      | Noticed Edmund
  5937 | D:4      | Reached skill level 9 in Maces & Flails
  6423 | D:5      | Reached XP level 8. HP: 60/62 MP: 8/8
  6504 | D:5      | Found a staircase to the Ecumenical Temple.
  6512 | D:5      | Killed Edmund
  6513 | D:5      | Reached skill level 10 in Maces & Flails
  6594 | Temple   | Entered the Ecumenical Temple
  6904 | Temple   | Became a worshipper of Warmaster Okawaru
  7586 | D:6      | Reached skill level 11 in Maces & Flails
  7695 | D:6      | Reached * piety under Okawaru
  8132 | D:6      | Reached XP level 9. HP: 60/66 MP: 9/9
  8210 | D:6      | Reached skill level 12 in Maces & Flails
  9028 | D:7      | Reached ** piety under Okawaru
  9046 | D:7      | Reached skill level 13 in Maces & Flails
  9703 | D:8      | Reached skill level 14 in Maces & Flails
  9740 | D:8      | Reached *** piety under Okawaru
  9834 | D:8      | Identified 4 scrolls of acquirement
  9834 | D:8      | Acquired a +0 morningstar of flaming
  9836 | D:8      | Acquired the amulet of Wu Jian's Regard {Faith rF+ rC+
                  | Stlth-}
  9838 | D:8      | Acquired the ring "Zoekk" {Will++ Str+6 Int+3}
  9840 | D:8      | Acquired 1107 gold pieces
  9953 | D:8      | Reached XP level 10. HP: 82/82 MP: 10/10
 10250 | D:8      | Noticed a two-headed ogre
 10257 | D:8      | Killed a two-headed ogre
 10258 | D:8      | Reached XP level 11. HP: 88/88 MP: 11/11
 11013 | D:9      | Reached **** piety under Okawaru
 11856 | D:9      | Received a gift from Okawaru
 11857 | D:9      | Reached skill level 5 in Throwing
 12111 | D:9      | Found a blossoming altar of Fedhas.
 12681 | D:9      | Found a staircase to the Lair.
 12706 | D:9      | HP: 1/89 [killer bee (6)]
 12737 | D:9      | HP: 1/89 [killer bee (5)]
 12740 | D:9      | Slain by a killer bee

Illustrated notes

Levels and vault maps discovered:
D:1:      dpeg_arrival_boxes_within_box, layout_basic,
          shapermc_ecumenical_altar_mp_highgroup
D:2:      layout_loops_ring
D:3:      layout_basic, uniq_ijyb, uniq_natasha, uniq_jessica, uniq_sigmund
D:4:      layout_basic, uniq_eustachio
D:5:      layout_rooms, minmay_temple_entry_glass, uniq_edmund
D:6:      minmay_inner_zag, layout_basic
D:7:      layout_rooms
D:8:      layout_loops_ring, dreamdust_wishing_well, david_defended_altar_orc
D:9:      layout_stronghold, mainiacjoe_overflow_surrounded_room,
          erik_lair_island
Temple:   nicolae_temple_the_god_donut

Skill      XL: |  1  2  3  4  5  6  7  8  9 10 11 |
---------------+----------------------------------+-----
Maces & Flails | 3 4 5 6 7 9 11 14 | 14.3
Fighting       | 6 7 |  7.0
Throwing       | 4 5 |  5.1
Armour         | 4 |  4.8
Shields        | 4 |  4.6

Action                   |  1- 3 |  4- 6 |  7- 9 | 10-12 || total
-------------------------+-------+-------+-------+-------++-------
Melee: Flail             |   101 |   184 |   314 |     2 ||   601
       Tailslap          |    10 |    17 |    34 |    19 ||    80
       Morningstar       |       |       |       |   143 ||   143
Throw: Boomerang         |       |       |     5 |     9 ||    14
Invok: Heroism           |       |       |     1 |     2 ||     3
 Abil: Rolling Charge    |    23 |    33 |    62 |    20 ||   138
Evoke: Wand              |       |     8 |    14 |     5 ||    27
  Use: Potion            |     2 |     2 |     3 |     4 ||    11
       Scroll            |     2 |     4 |    11 |     3 ||    20
 Stab: Invisible         |       |       |       |     3 ||     3
Armor: Scale mail        |    35 |    15 |       |       ||    50
       Ring mail         |       |    22 |    84 |       ||   106
       Skin              |       |    12 |       |       ||    12
       Plate armour      |       |       |       |    88 ||    88
Dodge: Dodged            |    28 |    40 |    73 |    55 ||   196
Block: Buckler           |    30 |    62 |   120 |    32 ||   244
       Reflection        |       |     1 |     2 |       ||     3

Table legend: (Time is in decaauts)
 A = Elapsed time spent in this place.
 B = Non-inter-level travel time spent in this place.
 C = Inter-level travel time spent in this place.
 D = Time resting spent in this place.
 E = Time spent auto-exploring this place.
 F = Levels seen in this place.
 G = Mean time per level.
                   A        B        C        D        E       F      G
               +--------+--------+--------+--------+--------+-----+--------+
         Total |  12742 |  11804 |    938 |   4361 |   3036 |  10 | 1274.2 |
       Dungeon |  12374 |  11444 |    930 |   4361 |   2813 |   9 | 1374.9 |
        Temple |    367 |    359 |      8 |      0 |    223 |   1 |  367.0 |
               +--------+--------+--------+--------+--------+-----+--------+

Top non-repeatable levels by time:
     D:3: 1884 daAuts
     D:2: 1841 daAuts
     D:9: 1802 daAuts
     D:6: 1381 daAuts
     D:8: 1345 daAuts
     D:4: 1269 daAuts
     D:1: 1110 daAuts
     D:5: 898 daAuts
     D:7: 841 daAuts
  Temple: 367 daAuts
